 Dungeon Crawl Stone Soup version 0.18-a0-19-g8b99b3a (webtiles) character file.

784 mrath the Skirmisher (level 7, -2/66 HPs)
             Began as a Yellow Draconian Wanderer on Nov 1, 2015.
             Was a Follower of Okawaru.
             Slain by an ogre
             ... wielding a +0 giant club
              (16 damage)
             ... on level 5 of the Dungeon.
             The game lasted 00:42:06 (6176 turns).

mrath the Skirmisher (Yellow Draconian Wanderer)    Turns: 6176, Time: 00:42:06

Health: -2/66      AC:  7    Str: 14    XL:     7   Next: 55%
Magic:  7/7        EV: 13    Int: 14    God:    Okawaru [*.....]
Gold:   265        SH:  0    Dex: 11    Spells: 0 memorised, 6 levels left

rFire  + . .     SeeInvis .     d - +0 quarterstaff
rCold  x . .     Clarity  .     (armour unavailable)
rNeg   . . .     SustAt   .     (shield currently unavailable)
rPois  .         Gourm    .     (helmet restricted)
rElec  .         Spirit   .     z - +0 cloak
rCorr  +         Warding  .     (no gloves)
rMut   +         Stasis   .     (no boots)
MR     .....                    a - amulet of resist mutation
Stlth  +.........               (no ring)
                                w - ring of fire (curse)

@: not resistant to hostile enchantments, very unstealthy
A: spit acid, acid resistance, unfitting armour, cold-blooded, AC +6
a: Spit Acid, Heroism, Renounce Religion


You were on level 5 of the Dungeon.
You worshipped Okawaru.
Okawaru was aware of your devotion.
You were not hungry.

You visited 1 branch of the dungeon, and saw 5 of its levels.

You collected 265 gold pieces.

Inventory:

Hand Weapons
 b - a +2 blowgun
 c - a +0 mace
 d - a +0 quarterstaff (weapon)
 l - a +3 dagger
 v - a +3 hand axe
Missiles
 f - 80 stones
 o - 12 sling bullets of frost
 u - a curare-tipped needle
 B - 3 tomahawks (quivered)
Armour
 z - a +0 cloak (worn)
Jewellery
 a - an amulet of resist mutation (around neck)
 n - an uncursed amulet of rage
 w - a cursed ring of fire (left hand)
 A - an uncursed ring of fire
Scrolls
 h - a scroll of enchant armour {unknown}
 i - a scroll of identify
 j - a scroll of immolation {unknown}
 k - 2 scrolls of teleportation
 m - a scroll of magic mapping {unknown}
 p - a scroll of fog {unknown}
 q - a scroll of blinking {unknown}
 y - a scroll of random uselessness {unknown}
 C - a scroll of remove curse {unknown}
Potions
 g - a potion of ambrosia {unknown}
Comestibles
 e - 5 bread rations
 r - a meat ration
 s - 3 chunks of flesh
 t - a fruit


   Skills:
 + Level 7.1 Fighting
 - Level 3.1(4.1) Maces & Flails
 + Level 3.9(4.4) Staves
 + Level 3.6 Throwing
 + Level 3.3 Dodging
 - Level 1.0 Evocations


You had 6 spell levels left.
You didn't know any spells.

Dungeon Overview and Level Annotations

Branches:
Dungeon (5/15)
 Temple: D:4-7

Altars:
Nemelex Xobeh
Okawaru
Ru
Zin
The Shining One


Innate Abilities, Weirdness & Mutations

You can spit globs of acid.
You are resistant to acid.
Your golden yellow scales are hard (AC +6).
Your body does not fit into most forms of armour.
You are cold-blooded and may be slowed by cold attacks.


Message History

You completely miss the ogre. You tail-slap the ogre.
The ogre is moderately wounded.
The ogre completely misses you.
You sock the ogre!
The ogre is severely wounded.
You barely miss the ogre.
The ogre is severely wounded.
The ogre hits you with a giant club!!
You barely miss the ogre. You tail-slap the ogre.
The ogre is severely wounded.
The ogre hits you with a giant club!!
* * * LOW HITPOINT WARNING * * *
You barely miss the ogre.
The ogre is severely wounded.
The ogre barely misses you.
You closely miss the ogre.
You tail-slap the ogre, but do no damage.
The ogre is severely wounded.
The ogre hits you with a giant club!
You die...

..... ...... ......
...... ......####
......... #......(###
.......O..#.......
.......@#.#.......
.......)# #.....###
........#. .......
........#.##....#
..#.#.#.#...g...###%.
# #.....###w.........
#..................
#....####..........
#.... #######...#


You could see an ogre.

Vanquished Creatures
  A sky beast (D:4)
  An ogre (D:4)
  Blork the orc (D:3)
  A scorpion (D:4)
  A crimson imp (D:4)
  2 orc priests
  2 orc wizards
  A giant frog skeleton (D:4)
  A worker ant (D:4)
  9 adders
  5 gnolls
  2 oozes
  3 worms
  A giant gecko (D:4)
  16 orcs
  6 giant cockroaches
  8 goblins
  16 hobgoblins
  A quokka (D:3)
  A ball python (D:4)
  7 bats
  2 giant newts
  11 jackals
  6 kobolds
  7 rats
112 creatures vanquished.

Notes
Turn   | Place    | Note
--------------------------------------------------------------
     0 | D:1      | mrath the Draconian Wanderer began the quest for the Orb.
     0 | D:1      | mrath set off with: a curare-tipped needle, a +2 blowgun, a +0 mace, a +0 quarterstaff, a bread ration
     0 | D:1      | Reached XP level 1. HP: 23/23 MP: 1/1
   343 | D:1      | Reached XP level 2. HP: 25/29 MP: 2/2
   661 | D:1      | Found a glowing golden altar of the Shining One.
   993 | D:1      | Reached XP level 3. HP: 17/37 MP: 3/3
  1941 | D:2      | Reached XP level 4. HP: 42/44 MP: 4/4
  2457 | D:2      | Found an iron altar of Okawaru.
  2466 | D:2      | Became a worshipper of Warmaster Okawaru
  2529 | D:2      | Found a sparkling altar of Nemelex Xobeh.
  2751 | D:2      | Reached skill level 1 in Dodging
  2945 | D:3      | Found a glowing silver altar of Zin.
  3017 | D:3      | Reached skill level 6 in Fighting
  3017 | D:3      | Reached XP level 5. HP: 38/50 MP: 5/5
  3585 | D:3      | Found a glowing golden altar of the Shining One.
  4268 | D:4      | Reached XP level 6. HP: 31/57 MP: 6/6
  4536 | D:4      | Reached * piety under Okawaru
  5022 | D:4      | Your scales start taking on a golden yellow colour.
  5022 | D:4      | Reached XP level 7. HP: 11/64 MP: 7/7
  5291 | D:4      | Noticed Blork the orc
  5312 | D:3      | Killed Blork the orc
  5426 | D:4      | Reached skill level 7 in Fighting
  5579 | D:4      | Found a sacrificial altar of Ru.
  6100 | D:5      | Entered Level 5 of the Dungeon
  6176 | D:5      | Slain by an ogre

Vault maps used:
D:1:      minmay_arrival_nine_rooms, serial_curves, eino_curves_02,
          eino_curves_02, eino_curves_02, serial_bayou_pond_e, tso_metal_star
D:2:      nemelex_xobeh_ov_fountains_minmay, first_bread,
          okawaru_altar_gauntlet_db
D:3:      zin_academy, old_standard_altar
D:4:      nicolae_ru_sacrificial_ziggurat, uniq_blork_the_orc
D:5:      minmay_temple_entry_junction2, gup_sewer_entry_glass

Action                   |  1- 3 |  4- 6 |  7- 9 || total
-------------------------+-------+-------+-------++-------
Melee: Quarterstaff      |   118 |   243 |    87 ||   448
 Fire: Blowgun           |     2 |     2 |       ||     4
Throw: Stone             |    19 |    68 |     4 ||    91
       Tomahawk          |       |     1 |    13 ||    14
 Abil: Spit Acid         |       |       |     1 ||     1
  Use: Potion            |     1 |       |       ||     1
       Scroll            |       |       |     3 ||     3
 Stab: Sleeping          |     1 |       |       ||     1
  Eat: Chunk             |     2 |     7 |     4 ||    13
       Fruit             |     1 |       |     1 ||     2
       Beef jerky        |       |     2 |       ||     2
